 Dungeon Crawl Stone Soup version 0.31.0-12-g77e489cdc1 (webtiles) character file.

Game seed: 18384650473350086933

665 Doomgape the Ruffian (level 7, 0/68 HPs)
             Began as a Troll Shapeshifter on Feb 18, 2024.
             Slain by an orc
             ... wielding a +0 club
              (2 damage)
             ... on level 4 of the Dungeon.
             The game lasted 00:08:33 (2079 turns).

Doomgape the Ruffian (Troll Shapeshifter)           Turns: 2079, Time: 00:08:34

Health: 0/68       AC:  4    Str: 25    XL:     7   Next: 31%
Magic:  6/6        EV:  6    Int:  6    God:
Gold:   190        SH:  0    Dex:  9    Spells: 6/6 levels left

rFire   . .          .
                       - Unarmed
rCold   + . .        f - +0 tower shield
rNeg    . . .        a - +0 animal skin
rPois   .            (helmet currently unavailable)
rElec   .            (cloak currently unavailable)
rCorr   +            (gloves unavailable)
SInv    .            (boots unavailable)
Will    .....        h - amulet of regeneration
Stlth   +            i - ring of resist corrosion
HPRegen 1.91/turn    o - ring of protection from cold
MPRegen 0.10/turn

%: no passive effects
@: confused, beast-form
A: beast (slay +2), large, unfitting armour, claws 3, regeneration 1, shaggy fur
1, tough skin 1
a: Begin Untransformation


You were on level 4 of the Dungeon.
You were a hulking beast.
You visited 1 branch of the dungeon, and saw 4 of its levels.
You also visited: Sewer.

You collected 190 gold pieces.

Inventory:

Armour
 a - a +0 animal skin (worn)
 f - a +0 tower shield (worn)
Jewellery
 h - an amulet of regeneration (around neck)
 i - a ring of resist corrosion (left claw)
 o - a ring of protection from cold (right claw)
Talismans
 c - a beast talisman
 d - a flux talisman
Wands
 p - a wand of polymorph (13)
 t - a wand of flame (7)
Scrolls
 e - 2 scrolls of teleportation
 s - a scroll of vulnerability
Potions
 b - 2 potions of lignification
 g - 2 potions of enlightenment
 j - 2 potions of attraction {unknown}
 k - 3 potions of brilliance {unknown}
 l - 2 potions of mutation {unknown}
 m - 4 potions of heal wounds {unknown}
 n - a potion of degeneration {unknown}
 r - a potion of magic {unknown}


   Skills:
 + Level 3.8 Fighting
 - Level 1.5 Dodging
 + Level 5.4 Unarmed Combat
 + Level 5.1 Shapeshifting


You had 6 spell levels left.
You didn't know any spells.
Your spell library contained the following spells:

 Spells                   Type           Power      Damage    Failure   Level
 Slow                     Hex            0%         N/A       98%         1
 Confusing Touch          Hex            0%         N/A       100%        3
 Sigil of Binding         Hex            0%         N/A       100%        3
 Vampiric Draining        Necr           0%         2d6       100%        3


Dungeon Overview and Level Annotations

Branches:
Dungeon (4/15)              Sewer (visited)
 Temple: D:4-7

Altars:
Vehumet


Innate Abilities, Weirdness & Mutations

You are a hulking beast.
Your limbs bulge with bestial killing power. (Slay +2)
You are too large for most types of armour.
You have claws for hands.
Your natural rate of healing is unusually fast.
You are covered in fur. (AC +1)
You have tough skin. (AC +1)


Message History

You closely miss the orc wizard.
The orc wizard is severely wounded.
The ball python hisses angrily.
The orc wizard points at you and mumbles some strange words.
You are confused.
The orc hits you but does no damage. The orc hits you with a +0 morningstar.
The orc hits you with a +1 whip of freezing.
The orc freezes you. The orc hits you but does no damage.
Unknown command.
You are too confused!
Unknown command.
You are too confused!
Unknown command.
You are too confused!
Unknown command.
You barely miss the orc wizard.
The orc wizard is severely wounded.
The orc wizard hits you with a +0 dagger.
The orc hits you with a +0 whip.
The orc hits you with a +1 whip of freezing.
The orc hits you with a +0 morningstar. The orc barely misses you.
You're too confused to move!
The orc wizard hits you but does no damage.
The orc hits you but does no damage.
The orc hits you with a +1 whip of freezing.
The orc barely misses you. The orc hits you with a +4 falchion!
You claw the orc!
You kill the orc!
The orc wizard barely misses you.
The orc hits you with a +1 whip of freezing.
The orc freezes you. The orc barely misses you.
Unknown command.
You closely miss the orc. The orc wizard closely misses you.
The orc hits you but does no damage. The orc hits you with a +0 morningstar!
The orc hits you with a +4 falchion.
* * * LOW HITPOINT WARNING * * *
The ogre hits you with a +0 giant spiked club!
* * * LOW HITPOINT WARNING * * *
The orc hits you with a +0 club.
You die...

##.....
..##...#......##..##..
..#...........#..###.
##...........s.#..####
.##........##...........
....................###.
.......S.....#..##..#...
......ooo##.##..##......
#....oho##..#..#...†...
#.....O..#....#....†....
##..>.............#.##..
#......##..........#...
##......#..##..........
..........####......#..
.#.......... #.....##.[
.........## .......#...
......... #..##..#...


You could see an ogre, an orc wizard, 4 orcs and a ball python.

Vanquished Creatures
  Edmund (D:4)
  Pargi (Sewer)
  An orc priest (D:4)
  A jelly (D:4)
  Terence (D:3)
  A sleepcap (D:4)
  Jessica (D:3)
  Ijyb (D:3)
  Natasha (thrice) (D:3)
  An orc wizard (D:4)
  7 gnolls
  3 adders
  2 ribbon worms (D:2)
  3 dart slugs
  7 orcs
  4 bats
  13 endoplasms
  3 giant cockroaches
  5 goblins
  11 hobgoblins
  3 jackals (Sewer)
  A quokka (D:2)
  11 ball pythons
  A frilled lizard (D:2)
  2 kobolds
  5 rats
93 creatures vanquished.

Notes
Turn   | Place    | Note
-------+----------+-------------------------------------------
     0 | D:1      | Doomgape the Troll Shapeshifter began the quest for the
                  | Orb.
     0 | D:1      | Reached XP level 1. HP: 18/18 MP: 0/0
    29 | D:1      | Reached skill level 1 in Fighting
    44 | D:1      | Reached XP level 2. HP: 27/27 MP: 1/1
   202 | D:1      | Found a faded altar of an unknown god.
   515 | D:2      | Reached XP level 3. HP: 33/33 MP: 2/2
  1043 | D:3      | Noticed Natasha
  1054 | D:3      | Killed Natasha
  1055 | D:3      | Reached XP level 4. HP: 39/42 MP: 3/3
  1065 | D:3      | Found a glowing drain.
  1076 | D:3      | Noticed Terence
  1093 | D:3      | Killed Terence
  1113 | Sewer    | Entered a sewer
  1165 | Sewer    | Noticed Pargi
  1178 | Sewer    | Killed Pargi
  1179 | Sewer    | Reached XP level 5. HP: 42/50 MP: 4/4
  1371 | D:3      | Noticed Natasha
  1392 | D:3      | Killed Natasha
  1393 | D:3      | Reached XP level 6. HP: 49/61 MP: 5/5
  1455 | D:3      | Found a radiant altar of Vehumet.
  1457 | D:3      | Noticed Ijyb
  1470 | D:3      | Killed Ijyb
  1486 | D:3      | Noticed Jessica
  1489 | D:3      | Killed Jessica
  1578 | D:3      | Noticed Natasha
  1587 | D:3      | Killed Natasha
  1882 | D:4      | Reached skill level 5 in Unarmed Combat
  1975 | D:4      | Noticed Edmund
  1985 | D:4      | Killed Edmund
  1986 | D:4      | Reached skill level 5 in Shapeshifting
  1986 | D:4      | Reached XP level 7. HP: 56/68 MP: 6/6
  2079 | D:4      | HP: 2/68 [ogre/+0 giant spiked club (16)]
  2079 | D:4      | Slain by an orc

Illustrated notes

Levels and vault maps discovered:
D:1:      lightli_arrival_chessboard, layout_rooms,
          ebering_ecumenical_altar_petrified, chequers_jeans, st_stairs_1,
          grunt_decor_one_mirror
D:2:      layout_rooms
D:3:      layout_loops_cross, mainiacjoe_overflow_catwalk,
          cheibrodos_sewer_entry_drain, dreamdust_wishing_well, uniq_natasha,
          uniq_jessica, uniq_ijyb, uniq_terence
D:4:      layout_cave_pools, nicolae_hepliaklqana_monster_ancestors, uniq_edmund

Skill      XL: |  1  2  3  4  5  6 |
---------------+-------------------+-----
Fighting       | 1 2 3 |  3.8
Unarmed Combat | 4 5 |  5.4
Shapeshifting  | 4 5 |  5.1
Dodging        | |  1.5

Action                     |  1- 3 |  4- 6 |  7- 9 || total
---------------------------+-------+-------+-------++-------
  Melee: Unarmed           |   100 |   112 |    24 ||   236
         Punch             |     1 |       |       ||     1
    Use: Scroll            |     1 |     5 |       ||     6
   Stab: Sleeping          |     1 |     1 |       ||     2
 Armour: Animal skin       |    68 |    93 |    29 ||   190
         Skin              |       |     4 |       ||     4
  Dodge: Dodged            |    23 |    35 |    16 ||    74
  Block: Tower shield      |    43 |    70 |    20 ||   133
